 Dungeon Sprint DCSS version 0.18-a0-33-g9e10395 (console) character file.

118 Kellhus the Cleaver (level 4, 0/37 HPs)
             Began as a Demigod Fighter on Nov 5, 2015.
             Slain by a wyvern (11 damage)
             ... in the Dungeon (Sprint IX: "|||||||||||||||||||||||||||||").
             The game lasted 00:01:15 (376 turns).

Kellhus the Cleaver (Demigod Fighter)                Turns: 376, Time: 00:01:15

Health: 0/37       AC: 12    Str: 19    XL:     4   Next: 45%
Magic:  6/6        EV:  5    Int: 15    God:
Gold:   0          SH:  9    Dex: 17    Spells: 0 memorised, 3 levels left

rFire  . . .     SeeInvis .     a - +1 broad axe (freeze)
rCold  . . .     Clarity  .     t - +0 plate armour
rNeg   . . .     SustAt   +     c - +0 shield
rPois  .         Gourm    .     o - +0 helmet
rElec  .         Spirit   .     (no cloak)
rCorr  .         Warding  .     (no gloves)
rMut   .         NoTele   +     (no boots)
MR     .....                    (no amulet)
Stlth  ..........               q - +2 ring of evasion
                                p - +3 ring of intelligence

@: lethally poisoned (0 -> -10), not resistant to hostile enchantments,
extremely unstealthy
A: high mp 1, sustain attributes
a: no special abilities


You were in the Dungeon.
You were not hungry.

You visited 1 branch

Inventory:

Hand Weapons
 a - a +1 broad axe of freezing (weapon)
 s - a +0 war axe
Armour
 b - a +0 scale mail
 c - a +0 shield (worn)
 o - a +0 helmet (worn)
 t - a +0 plate armour (worn)
Jewellery
 p - a +3 ring of intelligence (left hand)
 q - a +2 ring of evasion (right hand)
Wands
 n - a wand of draining (7)
Scrolls
 k - 2 scrolls of blinking
 l - 3 scrolls of remove curse
 m - 2 scrolls of amnesia
Potions
 d - a potion of might
 f - 5 potions of curing
 g - 3 potions of heal wounds
 h - a potion of haste
 i - 4 potions of magic
 r - a potion of invisibility
Comestibles
 e - a bread ration


   Skills:
 - Level 2.6 Fighting
 + Level 8.8 Axes
 - Level 2.6 Armour
 - Level 2.6 Shields


You had 3 spell levels left.
You didn't know any spells.

Dungeon Overview and Level Annotations

Branches:
Dungeon (1/1)


Innate Abilities, Weirdness & Mutations

You have an increased reservoir of magic (+10% MP).
Your attributes are resistant to harm.


Message History

The water moccasin is severely wounded.
The water moccasin completely misses you.
The water moccasin bites you.
You are lethally poisoned!
The water moccasin poisons you!
You slash the water moccasin! You freeze the water moccasin.
You kill the water moccasin!
Your Axes skill gained 4 levels and is now at level 8!
You have reached level 3!
Your experience leads to an increase in your attributes!
Your base attributes are Str 19, Int 12, Dex 15.
Increase (S)trength, (I)ntelligence, or (D)exterity?
You feel agile. x2
You have reached level 4!
You feel sick. The wyvern barely misses you. The wyvern bites you!
Unknown command.
You closely miss the wyvern.
* * * LOW HITPOINT WARNING * * *
You feel sick. The wyvern bites you!
You die... ▓▓▓▓▓▓▓▓▓▓▓▓▓▓▓▓▓▓▓▓▓▓▓▓ _______'..|).[..@lSlF.eY ▓▓▓▓▓▓▓▓▓▓▓▓▓▓▓▓▓▓▓▓▓▓▓▓

You could see a wyvern, an ice beast, a deep elf mage, a giant frog, an iguana and an adder.

Vanquished Creatures
  A water moccasin (D)
  An adder zombie (D)
  A giant gecko (D)
  2 orcs (D)
  A bat skeleton (D)
  2 goblins (D)
  2 kobolds (D)
  A rat (D)
11 creatures vanquished.

Notes
Turn   | Place    | Note
--------------------------------------------------------------
     0 | D        | Kellhus the Demigod Fighter began the quest for the Orb.
     0 | D        | Reached XP level 1. HP: 18/18 MP: 3/3
    11 | D        | Reached skill level 3 in Axes
    28 | D        | Reached skill level 4 in Axes
    29 | D        | Reached XP level 2. HP: 6/25 MP: 4/4
   281 | D        | Found a glowing silver altar of Zin.
   281 | D        | Found a glowing golden altar of the Shining One.
   281 | D        | Found an ancient bone altar of Kikubaaqudgha.
   281 | D        | Found a basalt altar of Yredelemnul.
   281 | D        | Found a shimmering altar of Xom.
   281 | D        | Found a radiant altar of Vehumet.
   282 | D        | Found an iron altar of Okawaru.
   283 | D        | Found a burning altar of Makhleb.
   284 | D        | Found a deep blue altar of Sif Muna.
   285 | D        | Found a bloodstained altar of Trog.
   286 | D        | Found a sparkling altar of Nemelex Xobeh.
   287 | D        | Found a white marble altar of Elyvilon.
   288 | D        | Found a roughly hewn altar of Beogh.
   289 | D        | Found a viscous altar of Jiyva.
   290 | D        | Found a corrupted altar of Lugonu.
   291 | D        | Found a blossoming altar of Fedhas.
   292 | D        | Found a snail-covered altar of Cheibriados.
   293 | D        | Found a shadowy altar of Dithmenos.
   294 | D        | Found a stormy altar of Qazlal.
   295 | D        | Found an opulent altar of Gozag.
   296 | D        | Found a sacrificial altar of Ru.
   358 | D        | Noticed a water moccasin
   358 | D        | Noticed a wyvern
   358 | D        | Noticed a giant frog
   358 | D        | Noticed a deep elf mage
   370 | D        | Noticed an ice beast
   375 | D        | Killed a water moccasin
   375 | D        | Reached skill level 8 in Axes
   375 | D        | Reached XP level 3. HP: 18/30 MP: 5/5
   375 | D        | Reached XP level 4. HP: 22/37 MP: 6/6
   376 | D        | Slain by a wyvern

Vault maps used:
D:        linesprint

Action                   |  1- 3 |  4- 6 || total
-------------------------+-------+-------++-------
Melee: War axe           |    20 |       ||    20
       Broad axe         |    17 |     1 ||    18
  Use: Potion            |     1 |       ||     1
